 Dungeon Crawl Stone Soup version 0.32-a0-19-g28bc0835a1 (webtiles) character file.

Game seed: 7142795222700794413

267 Morbidden the Sneak (level 6, -4/32 HPs)
             Began as a Vine Stalker Brigand on Jan 17, 2024.
             Was an Initiate of Cheibriados.
             Killed by divine providence
             ... invoked by an orc priest
              (11 damage)
             ... on level 4 of the Dungeon.
             The game lasted 00:03:06 (2690 turns).

Morbidden the Sneak (Vine Stalker Brigand)          Turns: 2690, Time: 00:03:07

Health: -4/32      AC:  4    Str: 14    XL:     6   Next: 21%
Magic:  0/9        EV: 12    Int: 14    God:    Cheibriados [......]
Gold:   164        SH:  0    Dex: 17    Spells: 8/8 levels left

rFire   . . .        a - +2 dagger (flame)
rCold   . . .        (no shield)
rNeg    . . .        b - +0 robe
rPois   .            (no helmet)
rElec   .            c - +0 cloak
rCorr   .            f - +0 pair of gloves
SInv    .            (no boots)
Will    .....        (no amulet)
Stlth   +++          (no ring)
HPRegen 1.05/turn    (no ring)
MPRegen 0.11/turn

%: guardian spirit
@: very slow
A: fangs 2, regeneration 1, magic shield, antimagic bite, no potion heal 2
a: Renounce Religion


You were on level 4 of the Dungeon.
You worshipped Cheibriados.
Cheibriados was noncommittal.
You visited 1 branch of the dungeon, and saw 4 of its levels.

You collected 164 gold pieces.

Inventory:

Hand Weapons
 a - a +2 dagger of flaming (weapon)
 n - a +0 long sword
Missiles
 d - 17 poisoned darts
 e - a curare-tipped dart (quivered)
Armour
 b - a +0 robe (worn)
 c - a +0 cloak (worn)
 f - a +0 pair of gloves (worn)
 i - a +0 helmet
Scrolls
 h - 2 scrolls of revelation
 m - a scroll of identify
Potions
 g - a potion of attraction
 j - a potion of magic {unknown}
 k - a potion of lignification {unknown}
 l - a potion of curing {unknown}
 o - a potion of berserk rage {unknown}


   Skills:
 * Level 2.5 Fighting
 * Level 3.1 Short Blades
 + Level 1.7 Throwing
 * Level 1.4 Armour
 * Level 2.3 Dodging
 + Level 5.5 Stealth
 * Level 1.7 Spellcasting
 * Level 0.4 Invocations


You had 8 spell levels left.
You didn't know any spells.
Your spell library contained the following spells:

 Spells                   Type           Power      Damage    Failure   Level
 Hailstorm                Conj/Ice       1%         3d5       58%         3
 Summon Ice Beast         Ice/Summ       1%         N/A       58%         3
 Animate Dead             Necr           1%         N/A       94%         4
 Borgnjor's Vile Clutch   Necr/Erth      0%         N/A       100%        5
 Death Channel            Necr           0%         N/A       100%        6
 Sculpt Simulacrum        Ice/Alch       0%         N/A       100%        6


Dungeon Overview and Level Annotations

Branches:
Dungeon (4/15)
 Temple: D:4-7

Altars:
Cheibriados

Annotations:
D:4 1 runed translucent door, Pascal76's ghost, amateur MiFi


Innate Abilities, Weirdness & Mutations

You have extremely sharp teeth.
Your natural rate of healing is unusually fast.
When hurt, damage is shared between your health and your magic reserves.
Your bite disrupts and absorbs the magic of your enemies.
Potions cannot restore your health.


Message History

Throw: 3 darts (curare)
Press: ? - help, Q - select action, (/) - cycle Shift-Dir - straight line You throw a curare-tipped dart.
The curare-tipped dart hits the orc priest.
The orc priest is poisoned.
The orc priest struggles to breathe.
The orc priest seems to slow down.
The orc priest is severely wounded.
The orc hits you with a +0 club.
* * * LOW HITPOINT WARNING * * *
The orc priest hits you with a +0 club.
* * * LOW HITPOINT WARNING * * *
The orc hits you with a +0 trident.
* * * LOW HITPOINT WARNING * * *
Unknown command.
Unknown command.
Throw: 2 darts (curare)
Press: ? - help, Q - select action, (/) - cycle Shift-Dir - straight line, f - orc priest
Aim: an orc priest, wielding a +0 club and wearing a +0 leather armour (57% to hit)
You throw a curare-tipped dart.
The curare-tipped dart hits the orc priest.
The orc priest is poisoned.
The orc priest struggles to breathe.
The orc priest seems to slow down.
The orc priest is moderately wounded.
The orc priest hits you but does no damage.
The orc hits you but does no damage. The orc closely misses you.
Unknown command.
Unknown command.
Unknown command.
The orc closely misses you.
The orc priest calls upon Beogh to heal the orc priest.
The orc priest is healed somewhat.
The orc closely misses you.
Unknown command.
Unknown command.
Unknown command.
The giant cockroach waves its antennae.
The orc barely misses you.
Pascal76's ghost says, "I'll split you in two!"
The orc priest mumbles some strange prayers to Beogh against you.
Beogh smites you!
You die...

##........ .......... ........
########......# ~~~~B#.#...# .# .
)~~~F+..(o# ..###. ..
~~~BW#.ooo##......
..###########....#).....#
........###...##@o..#
.........###.....)...#
.........##..##..........
..............#..........
.........#.#..#.................
.........###.....#..............
.........##......##............ .
.................................
............................#....


You could see a bullfrog, 3 orc priests, Pascal76's ghost, 2 orcs and 2 giant
cockroaches.

Vanquished Creatures
  A scorpion (D:4)
  A howler monkey (D:4)
  Jessica (D:3)
  Robin (D:3)
  3 adders
  3 dart slugs
  A ribbon worm (D:3)
  13 orcs
  11 ball pythons
  6 bats
  6 endoplasms
  2 giant cockroaches
  9 goblins
  8 hobgoblins
  2 jackals (D:1)
  5 kobolds
  2 quokkas
  5 frilled lizards
  3 rats
83 creatures vanquished.

Notes
Turn   | Place    | Note
-------+----------+-------------------------------------------
     0 | D:1      | Morbidden the Vine Stalker Brigand began the quest for the
                  | Orb.
     0 | D:1      | Reached XP level 1. HP: 11/11 MP: 2/2
   140 | D:1      | Reached XP level 2. HP: 15/15 MP: 3/3
   153 | D:1      | Reached skill level 1 in Dodging
   184 | D:1      | Reached skill level 5 in Stealth
   310 | D:1      | Reached XP level 3. HP: 18/18 MP: 4/4
  1287 | D:2      | Reached skill level 1 in Spellcasting
  1345 | D:2      | Reached XP level 4. HP: 20/20 MP: 4/6
  1515 | D:2      | Reached skill level 1 in Armour
  1947 | D:3      | Noticed Jessica
  1961 | D:3      | Killed Jessica
  1962 | D:3      | Reached XP level 5. HP: 23/26 MP: 6/8
  2218 | D:3      | Noticed Robin
  2260 | D:3      | Killed Robin
  2469 | D:3      | Found a snail-covered altar of Cheibriados.
  2477 | D:3      | Became a worshipper of Cheibriados the Contemplative
  2627 | D:4      | Reached XP level 6. HP: 30/32 MP: 9/9
  2666 | D:4      | Found a runed translucent door.
  2666 | D:4      | Noticed Pascal76's ghost (amateur MiFi)
  2690 | D:4      | Killed from afar by an orc priest

Illustrated notes

Levels and vault maps discovered:
D:1:      roadster_arrival_rocket_small, layout_loops_ring
D:2:      layout_loops_corners
D:3:      layout_loops_corners, slow_altar_2, uniq_jessica, uniq_robin
D:4:      layout_cave_pools, mainiacjoe_overflow_tiny_flanked,
          ebering_ghost_sewer_f, minmay_rat_hole

Skill      XL: |  1  2  3  4  5 |
---------------+----------------+-----
Dodging        | 1 2 |  2.3
Stealth        | 5 |  5.5
Short Blades   | 2 3 |  3.1
Fighting       | 2 |  2.5
Spellcasting   | 1 |  1.7
Armour         | 1 |  1.4
Throwing       | |  1.7
Invocations    | |  0.4

Action                     |  1- 3 |  4- 6 || total
---------------------------+-------+-------++-------
  Melee: Dagger            |    94 |   131 ||   225
         Bite              |    16 |    39 ||    55
         Punch             |     1 |       ||     1
  Throw: Dart              |       |     2 ||     2
    Use: Scroll            |       |     2 ||     2
         Potion            |       |     1 ||     1
   Stab: Sleeping          |    14 |     7 ||    21
 Armour: Robe              |    46 |   100 ||   146
  Dodge: Dodged            |    59 |   102 ||   161

Table legend: (Time is in decaauts)
 A = Elapsed time spent in this place.
 B = Non-inter-level travel time spent in this place.
 C = Inter-level travel time spent in this place.
 D = Time resting spent in this place.
 E = Time spent auto-exploring this place.
 F = Levels seen in this place.
 G = Mean time per level.
                   A        B        C        D        E       F      G
               +--------+--------+--------+--------+--------+-----+--------+
         Total |   2683 |   2584 |     99 |      5 |   2039 |   4 |  670.8 |
       Dungeon |   2683 |   2584 |     99 |      5 |   2039 |   4 |  670.8 |
               +--------+--------+--------+--------+--------+-----+--------+

Top non-repeatable levels by time:
     D:3: 888 daAuts
     D:2: 857 daAuts
     D:1: 753 daAuts
     D:4: 184 daAuts
